[Event "1st Caplin Menchik Memorial 2022"]
[Site "London"]
[Date "2022.06.21"]
[Round "4.5"]
[White "Hunt, Harriet V"]
[Black "Vidic, Teja"]
[Result "1-0"]
[ECO "B12"]
[WhiteElo "2395"]
[BlackElo "2168"]
[Annotator "TA"]
[PlyCount "23"]
[EventDate "2022.06.21"]
[EventType "tourn"]
[EventCountry "ENG"]
[SourceTitle "playchess.com"]
[Source "ChessBase"]
[SourceQuality "1"]
[TimeControl "5400+30"]

1. e4 c6 2. d4 d5 3. e5 Bf5 4. Nf3 e6 5. Be2 c5 6. Be3 cxd4 7. Nxd4 Ne7 8. c4 {[%emt 0:05:51] 8.0-0 is becoming the main line.} Nbc6 9. Nc3 {[%emt 0:17:43] B12: Caro-Kann: Advance Variation.} (9. Qa4 $1 $14) 9... dxc4 (9... Nxd4 $15 10. Bxd4 dxc4) 10. Qa4 $11 {[%emt 0:04:48] [#] aiming for 0-0-0.} Qd7 $146 ({Predecessor:} 10... Bd3 11. O-O-O Qd7 12. Bxd3 cxd3 13. Ndb5 Nf5 14. Bg5 Be7 15. Bxe7 Qxe7 16. g4 Nh6 {1-0 (47) Moiseenko,V (2501)-Dreev,A (2670) St Petersburg 2018}) 11. Rd1 {[%emt 0:09:23][%mdl 1024] White has compensation.} Nd5 $2 (11... Nxe5 $2 12. Ndb5 Nd3+ 13. Bxd3 cxd3 14. Nd6+ Kd8 15. Qa5+ Qc7 16. Nxf7+ Kc8 17. Qxc7+ Kxc7 18. Nxh8 $18) (11... Bd3 $1 $14) 12. Nxf5 {[%emt 0:02:10] White took control after the opening.  Weighted Error Value: White=0.32/Black=1.33} 1-0

[Event "1st Caplin Menchik Memorial 2022"]
[Site "London"]
[Date "2022.06.22"]
[Round "5.1"]
[White "Vidic, Teja"]
[Black "Yao, Lan"]
[Result "0-1"]
[ECO "B46"]
[WhiteElo "2168"]
[BlackElo "2276"]
[Annotator "TA"]
[PlyCount "114"]
[EventDate "2022.06.21"]
[EventType "tourn"]
[EventCountry "ENG"]
[SourceTitle "playchess.com"]
[Source "ChessBase"]
[SourceQuality "1"]
[TimeControl "5400+30"]

1. e4 c5 2. Nf3 e6 3. d4 cxd4 4. Nxd4 Nc6 5. Nc3 Qc7 6. f4 a6 7. Nxc6 bxc6 8. Bd3 d5 9. O-O Nf6 10. Qe2 Be7 {[%emt 0:01:43] B46: Sicilian: Taimanov: 5 Nc3 a6.} 11. b3 Bb7 12. Bb2 h5 {[%emt 0:13:19] [#] The position is equal.} 13. Rae1 $146 ({Predecessor:} 13. e5 Nd7 14. Na4 g6 15. c4 Nc5 16. Nxc5 Bxc5+ 17. Kh1 d4 18. Be4 Qb6 19. Rad1 {1-0 (50) Lupulescu,C (2649)-Wang,C (2476) Changsha 2019}) 13... h4 $1 14. h3 Bc5+ (14... Nh5 $5 ) 15. Kh2 Nh5 16. Qg4 Ng3 17. Rf3 O-O-O 18. e5 (18. Qxg7 Rdg8 19. Qf6 Bd6 $11) ({White should try} 18. Na4 $1 $14) 18... g6 $15 19. Rxg3 hxg3+ 20. Qxg3 Be7 $36 {[%emt 0:03:07][%mdl 2048] Strongly threatening ...Bh4. Black is pushing.} 21. Qf3 Qa5 22. a3 c5 {[%emt 0:02:37] Prevents b4. Threatens to win with ...d4.} (22... Bxa3 $2 23. Ra1 $18) 23. Qe2 {[%emt 0:00:33] [#]} (23. b4 $142 cxb4 24. axb4 Qxb4 25. Rb1) 23... Kb8 (23... g5 $142 $1 24. fxg5 Bxg5) 24. b4 (24. Rf1 $142) 24... cxb4 $17 25. axb4 Qxb4 26. Bxa6 $2 Rd7 $2 (26... Qxb2 27. Rb1 Qxb1 28. Nxb1 Bxa6 29. Qxa6 $11) (26... Qxf4+ 27. g3 Qf5) 27. Rb1 Bxa6 (27... Qxf4+ $142 28. Kh1 Qb4) 28. Qxa6 $19 Ra7 {[%emt 0:00:02] Chess con chili.} ({Stronger than} 28... Qxf4+ 29. Kh1 Rb7 30. Ra1 $11) 29. Qd3 (29. Qf1 $142 Rb7 30. Ba1) 29... Qxf4+ 30. Kh1 Rb7 (30... Qxe5 $2 31. Nb5 Rxh3+ 32. gxh3 Qe4+ 33. Qxe4 dxe4 34. Nxa7 Kxa7 35. Bd4+ Ka6 36. Rb6+ Ka5 37. Rb7 $18) 31. Ba3 Rxb1+ ({And not} 31... Bxa3 32. Rxb7+ Kxb7 33. Qb5+ Kc8 34. Qa6+ Kd8 35. Qa8+ Ke7 36. Qxa3+ Kd7 37. Qa7+ Kc6 38. Qa6+ Kd7 39. Qb7+ Ke8 40. Qc8+ Ke7 41. Qxh8 $11) 32. Nxb1 Bxa3 33. Nxa3 $2 {[%emt 0:02:51][%mdl 4096] Endgame KQR-KQN} (33. Qb5+ {is the only way for White.} Kc7 34. Qa5+ Kd7 35. Qa7+ Kc6 36. Qa6+ Kc5 37. Qa7+ Kc6 38. Qa6+ Kc5 39. Qa7+ Kc6) 33... Qb4 34. Qa6 Qe1+ 35. Kh2 Qxe5+ 36. Kh1 Qc7 (36... g5 $142 37. Nb5 g4 38. Qb6+ Kc8 39. Nd6+ Kd7 40. Nxf7 Qe1+ 41. Qg1 Qxg1+ 42. Kxg1 Rc8 43. Ne5+ Kd6 44. Nxg4 Rxc2) 37. Nb5 {[%emt 0:00:31] [#]} Qb7 (37... Qc5 $1 $19 38. Nd6 Kc7 39. Nxf7 Rb8 40. Qxe6 Rb1+ 41. Kh2 Qg1+ 42. Kg3 Qe1+ 43. Qxe1 Rxe1) 38. Qd6+ $17 Kc8 39. Qe5 $2 {[%emt 0:00:10][%mdl 8192] [#]} (39. Qc5+ $17 {nothing else works.} Kd8 40. Qd6+ Qd7 41. Qb8+ Ke7 42. Qxh8 Qxb5 43. Qh4+ Ke8 44. Qh8+ Ke7 45. Qh4+ Kd7 46. Qf6) 39... Rxh3+ $3 $19 40. gxh3 {[%emt 0:00:18] Black must now prevent Nd6+.} Qxb5 {[%emt 0:00:02] KQ-KQ} 41. Qd6 (41. Kg2 $142 Qc6 42. Qb2) 41... Qb1+ 42. Kg2 Qxc2+ 43. Kf3 Qc7 44. Qf8+ Kb7 45. Qb4+ Kc6 {[%emt 0:00:04] ...Kd7 is the strong threat.} 46. Qa4+ Kd6 {[%emt 0:00:36] aiming for ...Qc3+.} 47. Qb4+ Kd7 48. Qf8 Qc3+ 49. Kg4 Qf6 {[%emt 0:00:54] And now ...e5 would win.} 50. h4 Qf5+ {[%emt 0:00:11] Black mates.} 51. Kg3 e5 52. Qc5 Qd3+ 53. Kg2 Qd4 54. Qb5+ Ke7 55. Qb7+ Kf6 56. Qb8 Kg7 57. Qd8 Qe4+ {[%emt 0:00:11] Weighted Error Value: White=0.79/Black=0.53} 0-1

[Event "1st Caplin Menchik Memorial 2022"]
[Site "London"]
[Date "2022.06.22"]
[Round "5.2"]
[White "Koubova, Anna Marie"]
[Black "Hunt, Harriet V"]
[Result "1-0"]
[ECO "E02"]
[WhiteElo "2115"]
[BlackElo "2395"]
[Annotator "TA"]
[PlyCount "83"]
[EventDate "2022.06.21"]
[EventType "tourn"]
[EventCountry "ENG"]
[SourceTitle "playchess.com"]
[Source "ChessBase"]
[SourceQuality "1"]
[TimeControl "5400+30"]

1. d4 Nf6 2. c4 e6 3. g3 d5 4. Bg2 dxc4 5. Qa4+ Bd7 6. Qxc4 Bc6 7. Nf3 {[%emt 0:00:16] E02: Open Catalan: 5 Qa4+.} b5 8. Qc2 {[%emt 0:02:18] [#]} Bb4+ $146 (8... Be4 $11 {keeps the balance.} 9. Qb3 Nc6) ({Predecessor:} 8... Be4 9. Qd1 c5 10. O-O Nbd7 11. Nc3 Bc6 12. dxc5 Bxc5 13. Ne1 Qb6 14. Bxc6 Qxc6 {1-0 (38) Esipenko,A (2582)-Galopoulos,N (2429) Tallinn 2019}) 9. Nbd2 {[%emt 0:05:32] White is better.} (9. Bd2 $5 Be7 10. O-O $14) 9... Be4 10. Qb3 Nc6 11. O-O Bxd2 12. Bxd2 Rb8 13. e3 ({White should play} 13. Rfd1 $16) 13... O-O 14. Rac1 Bd5 15. Qc2 Rb6 16. b3 b4 17. Rfd1 Qa8 18. Ne1 {[%emt 0:10:08] Strongly threatening e4.} Bxg2 19. Nxg2 e5 20. Qc5 ({White should try} 20. Nh4 $11) 20... Rd8 $15 21. Be1 (21. dxe5 Ne4 22. Qc2 Nxe5 $17) 21... exd4 (21... Rd5 $5 22. Qc4 Qd8 $15) 22. exd4 Nd5 (22... Rd5 $5 23. Qc4 a5 $11) 23. Bd2 Nce7 24. Ne3 Qb7 25. Nxd5 Nxd5 26. Re1 h6 27. Re5 a5 28. Rce1 ({Don't play} 28. Qxa5 Rb5 29. Rxd5 (29. Qa4 $2 Ra8 $19) 29... Qxd5 30. Qxc7 Qxd4 $17) 28... Qa8 29. Qc2 Rbd6 30. Qc5 f6 31. R5e4 Kf7 (31... Rc6 $5 32. Qb5 Rcd6 $14) 32. Bf4 (32. Qc2 $11 {remains equal.} Qc6 33. Qd3) 32... Rc6 $17 33. Qb5 Rc2 {[%emt 0:01:58] [#] Inhibits Qe2.} (33... Qa6 $1 $17 {[%cal Ra6b5] stays on course.} 34. Qxa6 Rxa6) 34. Qd3 {[%emt 0:00:58] White is more active.} (34. Bxh6 $1 $16 {[%mdl 512] Hoping for Qd3.} Qc8 35. Qd3) 34... Qc6 $2 {[%emt 0:03:35][%mdl 8192] [#]} (34... Rc3 $1 $14 35. Qe2 Nxf4 36. gxf4 (36. Rxf4 Re8 $15) 36... Kg8) 35. Qf3 $2 (35. Bxh6 $1 $18 {[%cal Oe4g4][%mdl 512] Intending Rg4! and mate.} Qc3 (35... g6 36. h4) 36. Qd1 $1 (36. Qa6 $2 Qf3 $19)) 35... Nxf4 $16 36. Qxf4 Qd5 (36... Kg8 $16) 37. Re7+ $40 {[%emt 0:01:53][%mdl 128] White has strong attack.} Kf8 $2 {[%emt 0:00:31] [#]} (37... Kg8) 38. Qg4 $1 {[%emt 0:00:36][%csl Ge7][%cal Rg4g7] White is clearly winning.} Qg5 39. Qe4 {[%emt 0:00:22] Threatening mate with Qh7.} Qd2 40. Re8+ Kf7 41. Qe6+ Kg6 42. Qg4+ {[%emt 0:00:34] Weighted Error Value: White=0.29 (precise) /Black=0.34} 1-0

[Event "1st Caplin Menchik Memorial 2022"]
[Site "London"]
[Date "2022.06.22"]
[Round "5.3"]
[White "Dworakowska, Joanna"]
[Black "Varney, Zoe"]
[Result "1-0"]
[ECO "C48"]
[WhiteElo "2321"]
[BlackElo "2046"]
[Annotator "TA"]
[PlyCount "71"]
[EventDate "2022.06.21"]
[EventType "tourn"]
[EventCountry "ENG"]
[SourceTitle "playchess.com"]
[Source "ChessBase"]
[SourceQuality "1"]
[TimeControl "5400+30"]

1. e4 e5 2. Nf3 Nc6 3. Nc3 Nf6 4. Bb5 Nd4 5. Ba4 c6 6. Bb3 {[%emt 0:05:44] C48: Four Knights: 4 Bb5, replies other than 4...Bb4.} (6. Nxe5 {with more complications.} d6 7. Nf3 Bg4 8. d3) 6... d6 {[%emt 0:07:15] [#]} ({Much less strong is} 6... Nxb3 7. axb3 d6 8. d4 $11) 7. Nxd4 $146 ({Predecessor:} 7. h3 Nxf3+ 8. Qxf3 g6 9. d3 Bg7 10. Be3 O-O 11. O-O Qe7 12. Qe2 Nh5 13. Qd2 {0-1 (27) Sharma,D (2066)-Wells,P (2431) London 2016}) 7... exd4 8. Ne2 {[%emt 0:00:13] Black is slightly better.} Nxe4 9. Nxd4 Qf6 {[%emt 0:02:23][%csl Ge4][%cal Rf6f2] [#]} 10. Nf3 Nc5 11. Bc4 (11. d4 $11 {should be considered.} Nxb3 12. axb3) 11... Bg4 $40 {[%emt 0:03:33][%cal Bc8g4,Bg4f5,Bf5g6,Bg6h7][%mdl 160] Black attacks.} (11... d5 $5 12. Be2 Bd6 $15) 12. Be2 Ne6 13. Ng1 Bf5 14. d3 d5 15. g4 (15. Bg4 $15) 15... Bg6 $17 16. h4 h6 17. Rh3 (17. Be3 $17) 17... Bc5 18. Nf3 O-O-O 19. h5 Bh7 20. Kf1 Rhe8 21. Rb1 Bd6 22. b4 Qe7 23. Be3 Bxb4 ({And not} 23... Nf4 24. Bxf4 Bxf4 25. Nh4) 24. Nd4 Bd6 (24... Ng5 $19 25. Rh1 Bc3) 25. Qd2 (25. Nxe6 $15 fxe6 26. Bxa7) 25... c5 26. Nb5 (26. Nxe6 $17 {keeps fighting.} fxe6 27. Qa5) 26... Bb8 $19 {[%emt 0:00:49] aiming for ...d4.} 27. Bf3 d4 {[%emt 0:00:56] Prevents Nc3.} (27... f5 $19 {White must now prevent ...b6.} 28. Qa5 b6) 28. Qa5 $17 {[%emt 0:04:36] [#]} dxe3 $2 (28... a6 $1 $17 29. Nc3 dxe3 30. Bxb7+ Qxb7 31. Rxb7 e2+ 32. Nxe2 Kxb7) 29. Nxa7+ $18 Kd7 (29... Bxa7 $142 30. Qxa7 Rxd3) 30. Rxb7+ Nc7 31. Bc6+ {[%emt 0:01:06][%mdl 64] Skewer} Kd6 32. Rxe3 Qh4 33. Bxe8 {[%emt 0:01:33] White mates.} Qh1+ 34. Ke2 Qxb7 35. Nb5+ Kd5 36. c4# {[%emt 0:00:51] White used his chance.  Weighted Error Value: White=0.18 (very precise) /Black=0.60} 1-0

[Event "1st Caplin Menchik Memorial 2022"]
[Site "London"]
[Date "2022.06.22"]
[Round "5.4"]
[White "Schulze, Lara"]
[Black "Hryshchenko, Kamila"]
[Result "1/2-1/2"]
[ECO "B06"]
[WhiteElo "2303"]
[BlackElo "2037"]
[Annotator "TA"]
[PlyCount "133"]
[EventDate "2022.06.21"]
[EventType "tourn"]
[EventCountry "ENG"]
[SourceTitle "playchess.com"]
[Source "ChessBase"]
[SourceQuality "1"]
[TimeControl "5400+30"]

1. e4 g6 2. d4 Bg7 3. Nf3 d6 4. Bc4 e6 5. Bb3 Ne7 6. O-O O-O {[%emt 0:00:30] B06: Modern Defence.} 7. Re1 Nd7 {[%emt 0:02:00] has lost popularity (7...b6).} 8. Nbd2 a6 {[%emt 0:06:46] White is slightly better.} 9. a4 b6 10. Nf1 Bb7 11. Ng3 c5 12. c3 Rc8 {[%emt 0:03:18] [#]} 13. h3 $146 ({Predecessor:} 13. Be3 h6 14. Qd2 Kh7 15. Rad1 c4 16. Bc2 f5 17. exf5 exf5 18. Bf4 Rf6 19. Qe2 {½-½ (31) Liebau,A (2165)-Hampel,F (2157) Lehrte 2014}) 13... Qc7 14. Bg5 Rfe8 15. Qd2 c4 16. Bc2 e5 17. d5 Kh8 18. h4 Ng8 19. h5 Ndf6 20. Nh2 Rb8 21. Rf1 Bc8 22. h6 (22. f4 $1 $16 ) 22... Bf8 $11 23. f4 Nd7 24. fxe5 (24. f5 $5 ) 24... Nxe5 25. Nf3 Be7 (25... Ng4 $15) 26. Be3 f6 27. Nxe5 dxe5 28. Rf2 Rd8 29. Qe2 Bd7 30. Nf1 Ra8 31. Nh2 b5 32. Kh1 Rdb8 33. Bd1 Qd6 34. Bc2 b4 (34... Bf8 $11) 35. Qxc4 $14 a5 (35... bxc3 $14 36. bxc3 (36. Qxc3 g5 $14) 36... Rc8) 36. Qe2 {[%emt 0:00:33] White is more active.} ({White should try} 36. Qf1 $16) 36... bxc3 37. bxc3 Qc7 38. c4 Rb4 39. Bd3 {[%emt 0:00:40][%cal Oc4c5] c5! is the strong threat.} Rxa4 (39... Bc5 $1 $14) 40. Rxa4 $18 Bxa4 41. Qa2 (41. Rf1 $1 $16) 41... Bc5 $1 $14 42. Nf1 Bd7 43. Bxc5 Qxc5 44. Qd2 a4 (44... Nxh6 $5 45. Rxf6 Kg7 $11) 45. Qe3 Qb4 46. c5 $36 {[%emt 0:00:39][%mdl 2048] White has some pressure.} a3 {[%emt 0:00:02] And now ...a2 would win.} 47. Ra2 Ba4 (47... Qb3 $1 $11 48. Qd2 Ba4) 48. c6 $16 Bb3 49. Ra1 a2 {[%emt 0:01:00] [#]} 50. Nd2 (50. Be2 $1 $16) 50... Qc3 $2 (50... Bxd5 $1 $11 51. exd5 Qc3 52. Rxa2 (52. Nb3 Qxb3 53. c7 e4 $11) 52... Rxa2) 51. Nxb3 $18 Qxb3 {[%emt 0:00:03] [#]} 52. Qd2 {[%emt 0:00:13] Inhibits Qc3.} Nxh6 (52... Qb6 $142 53. Rxa2 Rxa2 54. Qxa2 Qe3) 53. Qc2 $2 (53. c7 $18 {Strongly threatening d6.} Rc8 54. Rxa2) 53... Qxc2 $11 54. Bxc2 {[%emt 0:00:01][%mdl 4096] Endgame aiming for d6. KRB-KRN} Nf7 55. c7 (55. Bb3 $11 {keeps the balance.} Ra3 56. c7 (56. Bxa2 Kg7 $17)) 55... Rc8 (55... Nd6 $142 {Threatens to win with ...Ra7.} 56. Bb3 Rc8 57. Rxa2 Rxc7) 56. Rxa2 {[%emt 0:00:23] Black must now prevent Ra7.} Rxc7 57. Bd3 Rc3 58. Ra7 (58. Be2 $17) 58... Kg8 ({Worse is} 58... Rxd3 59. Rxf7 Rd4 60. g4 $11) ({Black should play} 58... Ng5 $19 59. Be2 Nxe4) 59. Be2 $17 Rc1+ 60. Kh2 h5 {[%emt 0:00:16] Prevents Bg4.} 61. Kg3 Rc2 62. Bf3 Kf8 (62... Ng5 $17 63. Ra4 Kg7) 63. Ra8+ Kg7 64. Ra7 Rd2 65. Rb7 Kf8 (65... Ra2 $15) 66. Rb8+ $11 Kg7 (66... Ke7 $11) 67. Rb7 {[%emt 0:00:06] Weighted Error Value: White=0.28 (precise) /Black=0.30} 1/2-1/2

[Event "1st Caplin Menchik Memorial 2022"]
[Site "London"]
[Date "2022.06.22"]
[Round "5.5"]
[White "Arakhamia-Grant, Ketevan"]
[Black "Toma, Katarzyna"]
[Result "0-1"]
[ECO "B51"]
[WhiteElo "2354"]
[BlackElo "2304"]
[Annotator "TA"]
[PlyCount "102"]
[EventDate "2022.06.21"]
[EventType "tourn"]
[EventCountry "ENG"]
[SourceTitle "playchess.com"]
[Source "ChessBase"]
[SourceQuality "1"]
[TimeControl "5400+30"]

1. e4 c5 2. Nf3 d6 3. Bb5+ Nd7 4. c3 a6 5. Ba4 Ngf6 6. Bc2 {[%emt 0:00:29] B51: Sicilian: Moscow Variation (3 Bb5+) without 3...Bd7.} c4 {[%emt 0:03:50] [#]} 7. a4 $146 ({Predecessor:} 7. b3 b5 8. bxc4 bxc4 9. Na3 Qc7 10. Qe2 Nb6 11. e5 dxe5 12. Nxe5 Be6 13. Rb1 {½-½ (54) Amin,B (2683)-Edouard,R (2591) Germany 2022}) 7... Nc5 8. Qe2 {[%emt 0:01:25] The position is equal.} d5 9. e5 Nfd7 10. O-O $1 e6 11. b4 ({White should try} 11. Ne1 $14) 11... cxb3 $11 12. Bd1 Qa5 13. Ba3 Nxa4 14. Bxf8 Kxf8 15. Bxb3 Ndc5 16. Bc2 {[%emt 0:00:28][%mdl 1024] White has compensation.} b5 $1 17. Ng5 h6 18. Qh5 Qc7 19. d4 g6 20. Qh3 Kg7 21. Nf3 (21. Nxf7 $1 $11 Qxf7 22. dxc5) 21... Ne4 $17 22. Bxa4 bxa4 23. Rxa4 (23. Nfd2 $15) 23... Bd7 $19 ({Stronger than} 23... Nxc3 24. Nxc3 Qxc3 25. Qh4 $11) 24. Ra3 Bb5 (24... Qb7 $19 {...Rhb8 is the strong threat.} 25. Nh4 Rhb8) 25. Re1 $15 Qe7 26. Ra5 ({White should play} 26. Ra2 $1 $15) 26... Rhc8 $1 $19 27. Nfd2 {[%emt 0:00:18] [#]} Qg5 $2 (27... Nxc3 $1 $19 {[%mdl 512] And now ...Qb4 would win.} 28. Nxc3 Qb4 29. Rxb5 axb5) 28. Qe3 Qxe3 29. Rxe3 Rab8 (29... Nxd2 $15 30. Nxd2 Bd7) 30. f3 (30. Nxe4 $11 dxe4 31. h4) 30... Nxd2 $15 {[%emt 0:00:27] Black is more active.} 31. Nxd2 Bc4 (31... Be8 $15 32. Ra2 a5) 32. Nxc4 Rxc4 33. Rxa6 $11 {[%emt 0:00:07][%mdl 4096] Endgame KRR-KRR} Rb3 34. Ra2 Rbxc3 35. Rxc3 Rxc3 $15 {[%emt 0:00:04] KR-KR} 36. Rd2 (36. h4 $1 $11) 36... g5 37. Kf2 h5 38. Ke2 Kg6 39. Ra2 h4 40. Rd2 Kf5 41. Kf2 $2 ({Better is} 41. Rd3 $1 $15 Rc4 42. Ke3) 41... Kf4 $2 (41... g4 $19 42. fxg4+ Kxg4) 42. g3+ $1 hxg3+ 43. hxg3+ Kf5 {[%emt 0:00:04] aiming for ...g4.} 44. Kg2 (44. Rd1 $1 $15) 44... Rb3 $17 45. Ra2 Rd3 {[%emt 0:00:15] Threatens to win with ...g4.} 46. Ra4 $2 (46. Ra7 $17 {was the crucial defense.} Rxd4 47. Rxf7+ Kxe5 48. Rg7) 46... g4 $19 47. fxg4+ Kxg4 48. Kf2 Rxg3 (48... Kf5 $19 {is more deadly. Strongly threatening ...Ke4.} 49. g4+ Kf4) 49. Ke2 $2 (49. Ra7 $17) 49... Kf4 {[%emt 0:00:23] Black is clearly winning.} 50. Ra7 Ke4 51. Rxf7 Kxd4 {[%emt 0:00:10] Weighted Error Value: White=0.50/Black=0.28 (precise)} 0-1

[Event "1st Caplin Menchik Memorial 2022"]
[Site "London"]
[Date "2022.06.23"]
[Round "6.1"]
[White "Yao, Lan"]
[Black "Toma, Katarzyna"]
[Result "1/2-1/2"]
[ECO "B31"]
[WhiteElo "2276"]
[BlackElo "2304"]
[Annotator "TA"]
[PlyCount "83"]
[EventDate "2022.06.21"]
[EventType "tourn"]
[EventCountry "ENG"]
[SourceTitle "playchess.com"]
[Source "ChessBase"]
[SourceQuality "1"]
[TimeControl "5400+30"]

1. e4 c5 2. Nf3 Nc6 3. Bb5 g6 4. O-O Bg7 5. Re1 Nf6 6. e5 Nd5 7. Nc3 Nc7 8. Bxc6 dxc6 9. Ne4 b6 10. Nf6+ Kf8 {[%emt 0:00:06] B31: Sicilian: 2...Nc6 3 Bb5 g6.} 11. Ne4 Ne6 {[%emt 0:06:37] 11...h6 gains popularity.} (11... Bg4 $1 $11) 12. d3 Nd4 {[%emt 0:02:35] White is slightly better.} 13. c3 Nxf3+ 14. Qxf3 Qd5 {[%emt 0:02:12] [#]} 15. Bg5 $146 ({White should play} 15. a4 $14) ({Predecessor:} 15. Bf4 Bxe5 16. c4 Qd4 17. Bd2 Bg7 18. Bc3 Qd7 19. Ng5 Qf5 20. Qxc6 Bxc3 21. bxc3 {½-½ (34) Dominguez Gonzalez,I (2295)-Gonzalez Velez,F (2405) Terrassa 1996}) 15... h6 $11 16. Bf6 Bf5 $15 17. Bxg7+ Kxg7 18. Re3 Rad8 ({Reject} 18... Qxe5 19. Ng3 Qf6 20. Nxf5+ gxf5 21. Rae1 $11) 19. Qf4 Bxe4 20. Qxe4 Qxe4 21. dxe4 $17 {[%emt 0:00:03][%mdl 4096] Endgame KRR-KRR} Rd2 22. Rb1 Rhd8 23. Kf1 c4 24. Re2 R2d3 25. f3 g5 26. Kf2 f6 27. exf6+ Kxf6 28. Rbe1 Ke5 29. Re3 c5 30. h4 gxh4 {[%emt 0:10:23] [#] And now ...Rd1 would win.} 31. Rh1 Rg8 {[%emt 0:01:16] Hoping for ...Rd2+.} 32. Rxd3 cxd3 33. Rxh4 $14 {[%emt 0:00:54] KR-KR} c4 (33... Rd8 $1 $11 34. Rh5+ Kf6 35. Rxh6+ Kg5) 34. Rxh6 e6 35. g3 b5 36. Rh5+ Kd6 {[%emt 0:00:06] [#]} 37. g4 ({Of course not} 37. Rxb5 Rxg3 38. Ra5 (38. Kxg3 $2 {perishes.} d2 $19) 38... Rg2+ 39. Kxg2 d2 40. e5+ Kc7 41. Rxa7+ Kc8 42. Ra8+ Kc7 43. Ra7+ Kc8 44. Ra8+ Kc7 45. Ra7+ $11) (37. f4 $1 $16) 37... e5 $11 {[%emt 0:02:20] The position is equal.} 38. Ke3 a5 39. Rh6+ Kc7 40. Rh7+ Kc6 41. Rh6+ Kc7 42. Rh7+ {[%emt 0:00:13] Weighted Error Value: White=0.10 (very precise) /Black=0.11 (very precise)} 1/2-1/2

[Event "1st Caplin Menchik Memorial 2022"]
[Site "London"]
[Date "2022.06.23"]
[Round "6.2"]
[White "Hryshchenko, Kamila"]
[Black "Arakhamia-Grant, Ketevan"]
[Result "0-1"]
[ECO "B21"]
[WhiteElo "2037"]
[BlackElo "2354"]
[Annotator "TA"]
[PlyCount "77"]
[EventDate "2022.06.21"]
[EventType "tourn"]
[EventCountry "ENG"]
[SourceTitle "playchess.com"]
[Source "ChessBase"]
[SourceQuality "1"]
[TimeControl "5400+30"]

1. e4 c5 2. d3 d5 3. Be2 Nc6 4. f4 e5 5. Nf3 dxe4 6. dxe4 {[%emt 0:01:44] Hoping for Qxd8+. B21: Sicilian: 2 f4 and Morra Gambit.} Qxd1+ 7. Bxd1 Bd6 8. fxe5 Nxe5 9. Nc3 Bd7 {[%emt 0:06:39] [#]} 10. Be2 $146 ({Predecessor:} 10. O-O Ne7 11. Be2 N7c6 12. Be3 Ng4 13. Bg5 h6 14. Rad1 Bxh2+ 15. Nxh2 Nxh2 16. Rxf7 Kxf7 17. Rxd7+ {0-1 (34) Bortnyk,O (2598)-Deac,B (2625) Chess.com INT 2020}) 10... Ne7 11. Be3 Ng4 {[%emt 0:08:04] [#]} 12. O-O-O $1 Nxe3 13. Rxd6 O-O-O 14. Ne5 Be6 {[%emt 0:00:56] [#]} 15. Rxe6 fxe6 16. Nf7 Rhf8 17. Nxd8 Rxd8 18. Re1 Ng6 $1 19. g3 Ne5 20. Na4 c4 21. Nc5 Rd6 22. Bh5 g6 23. Rxe3 {[%emt 0:01:29] Be2 is the strong threat.} gxh5 $11 {[%emt 0:00:06][%mdl 4096] Endgame KRN-KRN} 24. Na4 Rd8 (24... b5 $5 25. Nc3 (25. Nc5 a5 $11) 25... b4 $11) 25. b3 Rf8 26. Re2 (26. Nc5 $5 ) 26... Kc7 27. Nb2 b5 {[%emt 0:01:05][%cal Bb7b5,Bb5c4][%mdl 32] Threatens to win with ...c3.} 28. bxc4 bxc4 29. Nd1 Kc6 {[%emt 0:08:03] Black is more active.} 30. Rf2 $2 {[%emt 0:01:05] Against Rf1} (30. Rd2 $15) 30... Rxf2 $19 31. Nxf2 {[%emt 0:00:04] KN-KN} Kc5 $2 (31... Ng4 $1 $19 {[%cal Rg4f2] is more deadly.} 32. Nh3 e5) 32. Kd2 (32. Nh3 $142) 32... Nf3+ $17 33. Ke2 (33. Ke3 $17 {was forced.} Nxh2 34. c3) 33... Nxh2 $19 34. c3 Kd6 $1 35. Nh3 {[%emt 0:00:22] [#]} Ng4 (35... Ke5 $1 $19 {and Black stays clearly on top.} 36. Ng5 h6 37. Nf7+ Kxe4 38. Nd6+ Kd5) 36. Kf3 Ne5+ ({Black should try} 36... Ke5 $17 {And now ...Nh2+ would win.} 37. Ng5 Nh2+ 38. Ke3 Nf1+ 39. Kf3 {[#]} Nxg3 $1 40. Nf7+ (40. Kxg3 $2 h6 $19) 40... Kf6) 37. Ke3 $15 Nd3 38. Kd4 Nb2 (38... e5+ $15 39. Kxc4 Nb2+ 40. Kb3 Nd1) 39. e5+ {[%mdl 32768] Weighted Error Value: White=0.19 (very precise) /Black=0.19 (very precise) . Loss on time!?} 0-1